 Dungeon Crawl Stone Soup version 0.30.1-4-g462c640d31 (webtiles) character file.

Game seed: 10296340757542600782

27894 Gabide the Brawler (level 13, -13/96 HPs)
             Began as an Octopode Gladiator on Sept 4, 2023.
             Was an Initiate of Ru.
             Mangled by an eight-headed hydra (15 damage)
             ... on level 2 of the Lair of Beasts.
             The game lasted 00:28:14 (16825 turns).

Gabide the Brawler (Octopode Gladiator)            Turns: 16825, Time: 00:28:15

Health: -13/96     AC:  2    Str: 18    XL:     13   Next: 35%
Magic:  0/22       EV: 21    Int: 11    God:    Ru [......]
Gold:   1040       SH:  0    Dex: 19    Spells: 12/12 levels left

rFire   + +          +
                       - Unarmed
rCold   + . .        (no shield)
rNeg    + + .        l - +1 hat
rPois   +            t - amulet of guardian spirit
rElec   +            m - ring of protection from cold
rCorr   .            p - +6 ring of dexterity
SInv    .            r - ring of protection from fire
Will    .....        v - ring of magical power
Stlth   ++++         x - ring of protection from fire
HPRegen 0.36/turn    C - ring of poison resistance
MPRegen 0.18/turn    u - ring of willpower
                     H - ring "Koekh" {Drain rElec rF+ rN++ Slay+5}

%: guardian spirit
@: weak-willed
A: almost no armour, amphibious, 8 rings, camouflage 1, gelatinous body 1,
(nimble swimmer 1), tentacles
a: Renounce Religion, Sacrifice Words, Sacrifice Artifice, Sacrifice Stealth,
Reject Sacrifices


You were on level 2 of the Lair of Beasts.
You worshipped Ru.
Ru was noncommittal.
You visited 3 branches of the dungeon, and saw 14 of its levels.
You also visited: Ice Cave.

You collected 1136 gold pieces.
You spent 96 gold pieces at shops.

Inventory:

Hand Weapons
 a - the +3 greatsling "Punk" {acid, rCorr}
   (You found it on level 11 of the Dungeon)

   rCorr:     It protects you from acid and corrosion.
Missiles
 b - 2 throwing nets (quivered)
 c - a javelin
Armour
 l - a +1 hat (worn)
Jewellery
 f - a ring of ice
 m - a ring of protection from cold (left tentacle)
 p - a +6 ring of dexterity (right tentacle)
 r - a ring of protection from fire (on tentacle)
 s - an amulet of the acrobat
 t - an amulet of guardian spirit (around mantle)
 u - a ring of willpower (on tentacle)
 v - a ring of magical power (on tentacle)
 x - a ring of protection from fire (on tentacle)
 C - a ring of poison resistance (on tentacle)
 D - the ring "Fiumett" {Ice *Corrode rN++ Int+9 Dex-5}
   (You found it in an ice cave)

   [ring of ice]

   It enhances your ice magic.
   Int:       It affects your intelligence (+9).
   Dex:       It affects your dexterity (-5).
   rF:        It makes you vulnerable to fire.
   rC:        It protects you from cold.
   rN:        It greatly protects you from negative energy.
   *Corrode:  It may corrode you when you take damage.
 E - an amulet of regeneration
 G - a +6 ring of intelligence
 H - the ring "Koekh" (on tentacle) {Drain rElec rF+ rN++ Slay+5}
   (You found it on level 11 of the Dungeon)

   [ring of protection from fire]

   Slay:      It affects your accuracy & damage with ranged weapons and melee
   (+5).
   rF:        It protects you from fire.
   rElec:     It insulates you from electricity.
   rN:        It greatly protects you from negative energy.
   Drain:     It drains your maximum health when unequipped.
Wands
 n - a wand of paralysis (5)
 o - a wand of mindburst (50)
 w - a wand of polymorph (5)
 B - a wand of light (9)
 I - a wand of iceblast (10)
Scrolls
 g - 3 scrolls of identify
 h - 2 scrolls of amnesia
 j - 4 scrolls of teleportation
 k - a scroll of torment
 y - 2 scrolls of poison
 J - a scroll of immolation
 L - a scroll of silence
 M - a scroll of fog {unknown}
Potions
 d - 6 potions of flight
 e - 7 potions of curing
 i - 3 potions of might
 q - 4 potions of mutation
 z - 2 potions of magic
 A - 3 potions of attraction
 F - a potion of haste


   Skills:
 + Level 11.6 Fighting
 - Level 3.0 Throwing
 + Level 11.6 Dodging
 - Level 6.0 Stealth
 - Level 18.0 Unarmed Combat


You had 12 spell levels left.
You didn't know any spells.
Your spell library contained the following spells:

 Spells                   Type           Power      Damage    Failure   Level
 Freeze                   Ice            0%         1d3       34%         1
 Magic Dart               Conj           0%         1d3       34%         1
 Call Imp                 Summ           0%         N/A       47%         2
 Frozen Ramparts          Ice            0%         1d1       71%         3
 Hailstorm                Conj/Ice       0%         3d3       71%         3
 Ignite Poison            Fire/Tmut/Pois 0%         N/A       71%         3
 Mephitic Cloud           Conj/Pois/Air  0%         N/A       71%         3
 Anguish                  Hex/Necr       0%         N/A       98%         4
 Cause Fear               Hex            0%         N/A       98%         4
 Ice Form                 Ice/Tmut       0%         N/A       98%         4
 Sticky Flame             Conj/Fire      0%         2d3       98%         4
 Simulacrum               Ice/Necr       0%         N/A       100%        6
 Enfeeble                 Hex            0%         N/A       100%        7
 Ignition                 Fire           0%         3d3       100%        8


Dungeon Overview and Level Annotations

Branches:
Dungeon (11/15)            Temple (1/1) D:7            Lair (2/5) D:11
  Swamp (0/4) Lair:2        IceCv (visited)
  Snake: Lair:2-3    Spider: Lair:2-3       Orc: D:9-12

Altars:
Ashenzari
Cheibriados
Dithmenos
Elyvilon
Fedhas
Gozag
Hepliaklqana
Kikubaaqudgha
Makhleb
Nemelex Xobeh
Okawaru
Qazlal
Ru
Sif Muna
Trog
Uskayaw
Vehumet
Wu Jian
Xom
Yredelemnul
Zin
The Shining One

Shops:
D:7 *

Annotations:
Lair:2 Urug


Innate Abilities, Weirdness & Mutations

You cannot wear most types of armour.
You are amphibious.
You can wear up to eight rings at the same time.
Your skin changes colour to match your surroundings (Stealth+).
Your rubbery body absorbs attacks. (AC +1, EV +1)
((You are camouflaged when in or above water. (Stealth+)))
You have tentacles for arms and can constrict up to eight enemies at once.


Message History

The eight-headed hydra roars! x2
The eight-headed hydra completely misses you. x2
The eight-headed hydra barely misses you.
The eight-headed hydra bites you! x2
The eight-headed hydra barely misses you. x2
The eight-headed hydra closely misses you.
You batter the eight-headed hydra!!
The eight-headed hydra is moderately wounded.
The eight-headed hydra closely misses you.
The eight-headed hydra bites you. The eight-headed hydra misses you. x2
The eight-headed hydra bites you. The eight-headed hydra bites you!
The eight-headed hydra completely misses you.
The eight-headed hydra bites you!
The eight-headed hydra attacks as you move away!
The eight-headed hydra closely misses you.
The eight-headed hydra bites you! The eight-headed hydra misses you.
The eight-headed hydra barely misses you.
The eight-headed hydra closely misses you.
The eight-headed hydra completely misses you. x2
The eight-headed hydra barely misses you.
Aiming: Paralyse
Press: ? - help, Shift-Dir - straight line, f - eight-headed hydra
Aim: an eight-headed hydra (moderately wounded, chance to affect: 17%)
Okay, then.
Unknown command.
Really read the scroll of vulnerability?
As you read the scroll of vulnerability, it crumbles to dust.
Magic quickly surges around you.
Urug throws a silver javelin.
The silver javelin pierces through you! The eight-headed hydra bites you!
* * * LOW HITPOINT WARNING * * *
The eight-headed hydra bites you!
* * * LOW HITPOINT WARNING * * *
The eight-headed hydra bites you!
* * * LOW HITPOINT WARNING * * *
The eight-headed hydra completely misses you.
The eight-headed hydra bites you.
The eight-headed hydra bites you but does no damage.
The eight-headed hydra barely misses you.
The eight-headed hydra bites you!
You die...

.....######..........>.##
.....#.#####.###..)....# #
...o...#.. ### #....#### #
.........## #....# #.
..........### ##...## ##
...........P####.....# #≈
............##.##....# #≈
.....D.....#.#.......####.
........D@..#.........##..
..........................
......................<...
..........$...............
...........$.......#.....†
###................[......
####..........#....#....
##......$.#...###P...
#......#....## ##...


You could see 2 eight-headed hydras and Urug (weak-willed).

Vanquished Creatures
  An ice dragon (IceCv)
  The ghost of destino the Covert, a journeyman OpVM of Gozag (D:11)
  7 two-headed ogres
  A death yak (Lair:1)
  Nergalle (D:11)
  A cyclops (D:11)
  2 black mambas (Lair:1)
  2 cane toads (Lair:1)
  2 ice statues (IceCv)
  2 gargoyles (D:10)
  A torpor snail (Lair:1)
  A demonic crawler (Lair:1)
  An unseen horror (D:11)
  2 kobold demonologists (D:9)
  7 rime drakes
  2 freezing wraiths (D:11)
  A merfolk (D:10)
  2 komodo dragons
  A troll (D:9)
  Grinder (D:3)
  2 hornets
  2 polar bears
  Prince Ribbit (Lair:1)
  4 blink frogs (Lair:1)
  Sigmund (D:3)
  A shadow (D:11)
  2 wraiths
  3 wyverns
  17 yaks
  4 basilisks
  2 vampire mosquitoes (D:11)
  3 steam dragons
  2 acid dragons
  4 swamp worms (Lair:1)
  4 water moccasins
  Duvessa (D:6)
  A black bear (D:7)
  8 ice beasts
  3 orc warriors
  13 wolves
  3 centaurs
  5 phantoms
  2 kobold brigands
  9 bullfrogs
  6 scorpions
  10 wights
  Dowan (D:6)
  3 lindwurm simulacra (IceCv)
  13 killer bees
  2 electric eels (Lair:2)
  6 komodo dragon simulacra (IceCv)
  11 orc priests
  4 hounds
  A sleepcap (D:5)
  A gnoll bouda (D:4)
  2 jellies (D:4)
  3 iguanas
  7 orc wizards
  Robin (D:2)
  4 gnolls
  15 adders
  3 acid dragon simulacra (IceCv)
  A shadow imp (D:7)
  2 white imps
  An ufetubus (D:5)
  9 steam dragon simulacra (IceCv)
  3 dart slugs
  17 orcs
  8 endoplasms
  6 giant cockroaches
  17 goblins
  15 hobgoblins
  4 jackals (D:1)
  16 kobolds
  A quokka (D:5)
  8 ball pythons
  5 bats
  A frilled lizard (D:1)
  8 rats
351 creatures vanquished.

Notes
Turn   | Place    | Note
-------+----------+-------------------------------------------
     0 | D:1      | Gabide the Octopode Gladiator began the quest for the Orb.
     0 | D:1      | Reached XP level 1. HP: 14/14 MP: 1/1
   172 | D:1      | Reached XP level 2. HP: 16/20 MP: 2/2
   565 | D:1      | Reached XP level 3. HP: 25/25 MP: 3/3
  1115 | D:2      | Reached skill level 1 in Stealth
  1152 | D:2      | Reached XP level 4. HP: 18/31 MP: 4/4
  1162 | D:2      | Identified the +0 leather armour of Itruxuri {Harm Will+}
  1609 | D:2      | Identified the +0 helmet of Gopid {rCorr Int+2}
  1609 | D:2      | Noticed Robin
  1631 | D:2      | Killed Robin
  1886 | D:2      | Reached XP level 5. HP: 35/36 MP: 5/5
  2000 | D:2      | Found a faded altar of an unknown god.
  2085 | D:2      | Identified a scroll of acquirement
  2085 | D:2      | Acquired a manual of Unarmed Combat
  2233 | D:3      | Noticed Sigmund
  2316 | D:3      | Killed Sigmund
  2317 | D:3      | Reached skill level 4 in Unarmed Combat
  2317 | D:3      | Reached XP level 6. HP: 26/43 MP: 6/6
  2501 | D:3      | Noticed Grinder
  2517 | D:3      | Killed Grinder
  2518 | D:3      | Reached skill level 5 in Unarmed Combat
  2518 | D:3      | Reached XP level 7. HP: 24/49 MP: 7/7
  3308 | D:4      | Reached skill level 6 in Unarmed Combat
  3311 | D:4      | Reached skill level 5 in Fighting
  3316 | D:4      | Reached skill level 5 in Dodging
  3471 | D:4      | Reached XP level 8. HP: 29/55 MP: 8/8
  3588 | D:4      | Reached skill level 7 in Unarmed Combat
  4218 | D:5      | Entered Level 5 of the Dungeon
  4421 | D:5      | Reached skill level 8 in Unarmed Combat
  4488 | D:5      | You fall into a shaft and drop 2 floors!
  4488 | D:7      | Found Istyomec's General Store.
  4497 | D:7      | Bought a potion of berserk rage for 60 gold pieces
  4497 | D:7      | Bought a scroll of teleportation for 36 gold pieces
  4744 | D:5      | Reached skill level 9 in Unarmed Combat
  4744 | D:5      | Reached XP level 9. HP: 50/63 MP: 6/9
  4844 | D:5      | Found a hide-covered altar of Uskayaw.
  5385 | D:6      | Found a shimmering blue altar of Sif Muna.
  5774 | D:6      | Noticed Duvessa
  5775 | D:6      | Noticed Dowan
  5785 | D:6      | Killed Duvessa
  5789 | D:6      | Killed Dowan
  6214 | D:7      | Found a bloodstained altar of Trog.
  6378 | D:7      | Found a basalt altar of Yredelemnul.
  6737 | D:7      | Found a staircase to the Ecumenical Temple.
  6830 | Temple   | Entered the Ecumenical Temple
  7099 | Temple   | Became a worshipper of Ru the Awakened
  7451 | D:8      | Noticed a hornet
  7463 | D:8      | Reached XP level 10. HP: 66/73 MP: 10/10
  7464 | D:8      | Paralysed by a hornet for 1 turns
  7792 | D:8      | Reached skill level 5 in Stealth
  7995 | D:8      | Noticed a two-headed ogre
  8010 | D:8      | Killed a two-headed ogre
  8011 | D:8      | Reached skill level 10 in Unarmed Combat
  8657 | D:8      | Reached skill level 11 in Unarmed Combat
  8747 | D:8      | Found an ancient bone altar of Kikubaaqudgha.
  8947 | D:9      | Noticed a kobold demonologist
  8947 | D:9      | Noticed a kobold demonologist
  8954 | D:9      | Killed a kobold demonologist
  8963 | D:9      | Killed a kobold demonologist
  8964 | D:9      | Reached skill level 12 in Unarmed Combat
  9037 | D:9      | Found a sparkling altar of Nemelex Xobeh.
  9191 | D:9      | Reached skill level 13 in Unarmed Combat
  9338 | D:9      | Noticed a two-headed ogre
  9354 | D:9      | Killed a two-headed ogre
  9355 | D:9      | Reached skill level 14 in Unarmed Combat
  9355 | D:9      | Reached XP level 11. HP: 56/80 MP: 4/11
  9527 | D:9      | Noticed a two-headed ogre
  9535 | D:9      | Killed a two-headed ogre
  9751 | D:10     | Entered Level 10 of the Dungeon
  9847 | D:8      | Found a stormy altar of Qazlal.
 10067 | D:8      | Reached skill level 15 in Unarmed Combat
 10295 | D:10     | Noticed a two-headed ogre
 10623 | D:9      | Killed a two-headed ogre
 11091 | D:10     | Paralysed by a hornet for 1 turns
 11339 | D:10     | Reached skill level 16 in Unarmed Combat
 11359 | D:10     | Found a snail-covered altar of Cheibriados.
 11359 | D:10     | Noticed a two-headed ogre
 11383 | D:10     | Killed a two-headed ogre
 12075 | D:11     | Found the +3 greatsling "Punk" {acid, rCorr}
 12284 | D:11     | Found a frozen archway.
 12301 | IceCv    | Entered an ice cave
 12307 | IceCv    | Reached skill level 17 in Unarmed Combat
 12359 | IceCv    | Reached XP level 12. HP: 85/85 MP: 12/12
 12744 | IceCv    | Noticed an ice dragon
 12775 | IceCv    | Killed an ice dragon
 13012 | IceCv    | Identified the ring "Fiumett" {Ice *Corrode rN++ Int+9
                  | Dex-5}
 13404 | D:11     | Found a staircase to the Lair.
 13407 | D:11     | Noticed a two-headed ogre
 13421 | D:11     | Noticed a two-headed ogre
 13426 | D:11     | Reached skill level 18 in Unarmed Combat
 13431 | D:11     | Killed a two-headed ogre
 13626 | D:10     | Killed a two-headed ogre
 13776 | D:11     | Found a runed translucent gate.
 13776 | D:11     | Found a runed translucent gate.
 13842 | D:11     | Noticed Nergalle
 13848 | D:11     | Killed Nergalle
 14216 | D:11     | Reached skill level 10 in Fighting
 14216 | D:11     | Reached skill level 10 in Dodging
 14466 | D:11     | Found a runed translucent gate.
 14469 | D:11     | Noticed destino's ghost (journeyman OpVM)
 14693 | D:11     | Killed destino's ghost
 14919 | D:11     | Identified the ring "Koekh" {Drain rElec rF+ rN++ Slay+5}
 14946 | Lair:1   | Entered Level 1 of the Lair of Beasts
 14992 | Lair:1   | Noticed Prince Ribbit
 14998 | Lair:1   | Killed Prince Ribbit
 15006 | Lair:1   | Reached XP level 13. HP: 71/93 MP: 13/13
 16582 | Lair:2   | Found a staircase to the Swamp.
 16768 | Lair:2   | Noticed Urug
 16825 | Lair:2   | HP: 2/96 [eight-headed hydra (13)]
 16825 | Lair:2   | Mangled by an eight-headed hydra

Illustrated notes

Levels and vault maps discovered:
D:1:      dpeg_arrival_round_b, layout_basic, serial_aquarium,
          aquarium_bridge_island_small [aquarium_subvault_small_open,
          aquarium_subvault_wall, aquarium_subvault_window,
          aquarium_subvault_bridge, aquarium_subvault_bridge],
          aquarium_window_corridor_3, aquarium_window_fake, aquarium_view_2b,
          aquarium_view_4, aquarium_pool_2, grunt_decor_mini_mirrors
D:2:      layout_basic, hellmonk_ecumenical_altar_blasted,
          minmay_joined_circles, uniq_robin
D:3:      layout_basic, uniq_sigmund, uniq_grinder
D:4:      minmay_chambers_of_twos, layout_basic, minmay_unequal
D:5:      layout_cave_pools, kennysheep_little_box
D:6:      minmay_evil_eye, layout_loops_ring, lemuel_crystal_altar, uniq_duvessa
D:7:      layout_basic, mainiacjoe_overflow_tiny_flanked, trog_hazing_becter,
          temple_doors_cd, moated_statue, nicolae_stop_n_shop_2,
          kennysheep_diamond
D:8:      layout_layer_cave, nicolae_overflow_hidden_temple
D:9:      layout_cave_pools, nemelex_xobeh_ov_fountains_minmay
D:10:     layout_long_grid, cheibriados_altar_1, hangedman_fish_farm
D:11:     layout_basic, hellmonk_lair_entry_icy, portal_ice_cave_rime,
          gammafunk_ghost_spectres, uniq_nergalle
Temple:   minmay_temple_curvy_branch
Lair:1:   layout_cave_pods, worms_lemuel, infiniplex_staircase_pool_2,
          grunt_megastairs_2, uniq_prince_ribbit2
Lair:2:   layout_cave_pods, swamp_mist_pool, uniq_erica, uniq_urug

Skill      XL: |  1  2  3  4  5  6  7  8  9 10 11 12 13 |
---------------+----------------------------------------+-----
Fighting       | 3 4 5 6 8 9 10 11 | 11.6
Throwing       | 3 |  3.0
Stealth        | 2 3 6 |  6.0
Dodging        | 4 5 6 8 9 10 11 | 11.6
Unarmed Combat | 4 5 6 9 14 17 18 | 18.0

Action                     |  1- 3 |  4- 6 |  7- 9 | 10-12 | 13-15 || total
---------------------------+-------+-------+-------+-------+-------++-------
  Melee: Unarmed           |    77 |    84 |   282 |   402 |   102 ||   947
         Constrict         |    16 |    14 |    59 |    45 |    25 ||   159
         Tentacles         |    13 |    18 |    70 |   109 |    28 ||   238
         Punch             |       |     2 |    22 |    35 |    18 ||    77
  Throw: Throwing net      |       |     2 |       |     1 |       ||     3
         Javelin           |       |     1 |     1 |     2 |       ||     4
  Evoke: Wand              |       |       |       |    19 |       ||    19
    Use: Scroll            |     5 |    10 |     4 |     8 |     2 ||    29
         Potion            |       |     2 |     2 |    10 |     2 ||    16
   Stab: Sleeping          |     5 |     9 |    23 |    12 |     6 ||    55
         Distracted        |       |       |     2 |       |       ||     2
         Invisible         |       |       |       |     1 |       ||     1
         Held in net/web   |       |       |       |     1 |       ||     1
 Armour: Skin              |     2 |     9 |    16 |    22 |     3 ||    52
  Dodge: Dodged            |    53 |    16 |   173 |   282 |    92 ||   616
